Map: Winter's Gate LE

Players

sandboX - Winner!

  • Race: Zerg Zerg
  • League: Gold
  • Spawn Location: 5:00

Alten

  • Race: Zerg Zerg
  • Spawn Location: 11:00

VOD

Have the link to the VOD?

Description

Time

  • Played on: Aug. 20, 2019, 8:54 p.m.
  • Length: 6:40
Show
View Real Time Build Order
Export as new Build Order

sandboX Zerg - Winner!

Build Orders: Hatch First, Zergling Baneling 

Get SALT Encoding   

  12  0:01  Drone  
  13  0:13  Overlord  
  13  0:19  Drone  
  14  0:31  Drone x2  
  16  0:40  Drone  
  17  0:55  Hatchery  
  16  0:59  Drone  
  16  1:00  Drone  
  16  1:04  Extractor  
  17  1:17  Spawning Pool  
  16  1:20  Drone  
  16  1:23  Drone  
  18  1:30  Drone  
  19  1:42  Overlord  
  19  2:04  Zergling x4  
  19  2:07  Zergling x2  
  22  2:10  Queen x2  
  22  2:11  Metabolic Boost  
  26  2:32  Drone x4  
  30  2:51  Hatchery  
  30  2:54  Baneling Nest  
  27  3:09  Drone x4  
  27  3:11  Zergling x4  
  33  3:23  Zergling x2  
  33  3:24  Zergling x2  
  35  3:33  Zergling x2  
  36  3:34  Overlord  
  36  3:41  Baneling x2  
  36  3:42  Baneling x2  
  36  3:50  Overlord x2  
  36  3:52  Zergling x6  
  36  3:53  Zergling x4  
  41  4:09  Zergling x8  
  39  4:18  Zergling x10  
  44  4:27  Baneling x2  
  44  4:28  Baneling x5  
  44  4:33  Overlord x2  
  44  4:34  Zergling x2  
  42  4:50  Zergling x14  
  43  5:03  Zergling x12  
  49  5:09  Zergling x6  
  49  5:22  Baneling x6  
  43  5:30  Zergling x12  
  47  5:42  Zergling x10  
  47  5:53  Zergling x2  
  47  5:54  Zergling x8  
  51  6:01  Baneling x2  
  51  6:02  Baneling x3  
  47  6:11  Zergling x8  
Show
View Real Time Build Order
Export as new Build Order

Alten Zerg 

Build Orders: Hatch First 

Get SALT Encoding   

  12  0:07  Drone  
  13  0:20  Overlord  
  13  0:22  Drone  
  14  0:57  Drone x2  
  14  0:58  Drone  
  17  1:08  Hatchery  
  16  1:16  Spawning Pool, Extractor  
  14  1:31  Drone x2  
  14  1:32  Drone  
  17  1:52  Drone  
  18  2:03  Queen  
  18  2:07  Zergling x4  
  22  2:21  Metabolic Boost  
  22  2:22  Queen  
  22  2:24  Zergling x4  
  25  2:34  Overlord  
  25  2:36  Overlord  
  25  2:46  Drone x2  
  25  2:50  Zergling x2  
  28  3:11  Drone  
  28  3:12  Drone x2  
  31  3:13  Drone  
  32  3:21  Zergling x8  
  36  3:45  Overlord  
  36  3:47  Zergling x6  
  36  3:48  Zergling x6  
  33  4:10  Zergling x8  
  33  4:14  Drone  
  28  4:53  Zergling x2  
  28  4:54  Zergling x12  
  28  5:08  Zergling x2  
  28  5:09  Zergling x6  
  32  5:18  Drone x3  
  35  5:22  Zergling x2  
  35  5:23  Zergling x2  
  27  5:44  Zergling x6  
  27  5:45  Zergling x8  
  31  5:50  Queen  
  27  6:14  Zergling x2  
  27  6:15  Zergling x4, Roach Warren  
Tags
 
Add a new tag
Caveats
  • Supply blocks, unpowered buildings, or Contaminate may cause inaccurate times.
  • Supply counts are checked every 10 seconds.